 Dungeon Crawl Stone Soup version 0.23.0-2-g0fe3ce5 (webtiles) character file.

Game seed: 17839970660681801615

29813 lapinsky the Spear-Bearer (level 13, 0/154 HPs)
             Began as a Hill Orc Fighter on Feb 19, 2019.
             Was an Elder of Nemelex Xobeh.
             Succumbed to a +1 halberd of venom's poison
             ... on level 2 of the Orcish Mines.
             The game lasted 01:32:55 (16864 turns).

lapinsky the Spear-Bearer (Hill Orc Fighter)       Turns: 16864, Time: 01:32:56

Health: 0/154      AC: 26    Str: 20 (23) XL:     13   Next: 47%
Magic:  25/25      EV:  2    Int:  5 (8)  God:    Nemelex Xobeh [****..]
Gold:   650        SH: 15    Dex:  9 (11) Spells: 12/12 levels left

rFire    x . .     SeeInvis +   E - +11 trident of Reinforcement {pierce, rC+ MP+9 SInv}
rCold    + + .     Gourm    .   r - +3 shield
rNeg     + + +     Faith    +   (armour currently unavailable)
rPois    +         Spirit   .   (helmet currently unavailable)
rElec    .         Reflect  .   (cloak currently unavailable)
rCorr    .         Harm     .   (gloves currently unavailable)
MR       ++...     NoTele   +   (boots currently unavailable)
Stlth    ++........             d - amulet of faith
HPRegen  0.35/turn              L - ring of ice
MPRegen  0.19/turn              j - +5 ring of evasion

@: lethally poisoned (0 -> -10), tree-form, berserk cooldown, slowed, very slow
A: magic resistance 2
a: Draw Escape, Draw Destruction, Draw Summoning, Triple Draw, Deal Four,
Renounce Religion


You were on level 2 of the Orcish Mines.
You worshipped Nemelex Xobeh.
Nemelex Xobeh was greatly pleased with you.
You were not hungry.
You were a tree.
You visited 4 branches of the dungeon, and saw 13 of its levels.

You collected 1112 gold pieces.
You spent 462 gold pieces at shops.

Inventory:

Hand Weapons
 a - a +0 war axe
 h - a +3 antimagic trident
 x - a +5 morningstar of pain
 E - the +11 trident of Reinforcement (weapon) {pierce, rC+ MP+9 SInv}
   (You found it on level 8 of the Dungeon)

   It inflicts extra damage upon your enemies.
   It protects you from cold.
   It affects your magic capacity (+9).
   It lets you see invisible.
Missiles
 t - 5 tomahawks of returning (quivered)
 B - 11 tomahawks
 F - 2 javelins
Armour
 r - a +3 shield (worn)
 s - a +5 ring mail (melded)
 w - a +2 pair of gloves of dexterity (melded)
 G - a +0 plate armour
 O - the +0 pair of fencer's gloves {Riposte Dex+3}
   (You found it on level 9 of the Dungeon)

   It affects your dexterity (+3).
Jewellery
 d - an amulet of faith (around neck)
 j - a +5 ring of evasion (right branch)
 L - a ring of ice (left branch)
Wands
 g - a wand of clouds (3)
 K - a wand of iceblast (8)
Scrolls
 e - a scroll of teleportation
 l - a scroll of fear
 p - 8 scrolls of remove curse
 u - 2 scrolls of magic mapping
 D - a scroll of summoning
Potions
 n - 2 potions of mutation
 q - a potion of haste
 v - 4 potions of flight
 C - a potion of magic
 J - a potion of agility
Comestibles
 f - 2 rations


   Skills:
 - Level 6.3 Fighting
 - Level 8.5(12.1) Axes
 - Level 11.6(12.3) Polearms
 * Level 10.6 Throwing
 + Level 7.5 Armour
 + Level 5.1 Dodging
 - Level 4.3 Stealth
 + Level 10.6 Shields
 + Level 4.5 Invocations
 - Level 3.1 Evocations


You had 12 spell levels left.
You didn't know any spells.
Your spell library was empty.

Dungeon Overview and Level Annotations

Branches:
Dungeon (9/15)             Temple (1/1) D:7             Orc (2/2) D:9
    Elf (1/3) Orc:2
   Lair: D:8-11

Altars:
Dithmenos
Elyvilon
Fedhas
Gozag
Makhleb
Nemelex Xobeh
Ru
Trog
Uskayaw
Vehumet
Zin
Beogh

Shops:
D:5 *   D:6 [   Orc:1 *=!   Orc:2 ?***


Innate Abilities, Weirdness & Mutations

((You are partially covered in large bone plates. (SH +4)))
You are highly resistant to hostile enchantments. (MR++)


Message History

You feel sick.
* * * LOW HITPOINT WARNING * * *
You feel sick.
* * * LOW HITPOINT WARNING * * *
You feel sick.
You can move again.
It was a potion of degeneration.
There was something very wrong with that liquid.
You feel weakened.
You feel dopey.
You feel clumsy.
* * * LOW HITPOINT WARNING * * *
You feel very sick.
It was a potion of lignification.
You turn into a tree.
Your +2 pair of gloves of dexterity melds into your body.
Your +5 ring mail melds into your body.
You feel clumsy.
Your roots penetrate the ground.
* * * LOW HITPOINT WARNING * * *
You feel very sick.
You die...
Your body glows with a rainbow of weird colours and disappears.

#.....### #.....#.##
##...#...# ### #
#...##.#####.#### #
##...#.###....#.## #
##.....#........##
##.#.)..........#
#...........#...#
##..♣....#...#.##
##..)........##
#....#...#....#
##[>)........## ###
##.[......[.## ##.#
##.##.........###...
#...#.......[..##...
##.###.#.#..[.##....
#....#.......#......


There were no monsters in sight!

Vanquished Creatures
  A deep elf demonologist (Elf:1)
  Josephine (Orc:1)
  Harold (D:8)
  A two-headed ogre (D:9)
  A dancing weapon (Orc:2)
  A deep elf knight (Elf:1)
  A glowing orange brain (Orc:2)
  A deep elf archer (Elf:1)
  The ghost of Graouh the Basher, a novice MiFi of Okawaru (D:7)
  A lindwurm (D:9)
  15 deep elf magi
  6 orc sorcerers
  A mana viper (Orc:2)
  An orc knight (Orc:2)
  A salamander (Orc:2)
  2 fauns (Orc:2)
  2 cyclopes (Orc:1)
  A guardian serpent (D:9)
  2 eyes of devastation (Elf:1)
  A gargoyle (D:9)
  A queen bee (D:9)
  4 trolls
  A jumping spider (Orc:1)
  A hornet (D:8)
  2 wind drakes
  A snapping turtle (Elf:1)
  Sigmund (D:4)
  3 wraiths (Orc:1)
  A redback (Orc:2)
  A tarantella (Orc:2)
  A yak (D:9)
  A warg (shapeshifter) (D:9)
  A swamp worm (Orc:2)
  8 wargs
  2 phantoms (D:9)
  14 orc warriors
  A sky beast (D:6)
  2 necrophages
  2 black bears (D:9)
  7 ogres
  2 centaurs
  2 gnoll sergeants (D:7)
  6 bullfrogs
  2 scorpions
  A wyvern skeleton (D:9)
  17 killer bees
  3 howler monkeys
  2 crimson imps
  A bullfrog zombie (D:5)
  A quasit (D:9)
  A jelly (D:8)
  3 orc priests
  A bullfrog skeleton (D:8)
  5 hounds
  2 iguanas
  22 orc wizards
  5 worker ants
  A hound skeleton (D:7)
  8 gnolls
  9 adders
  2 shadow imps
  2 oozes (D:1)
  An adder zombie (D:7)
  4 worms
  3 dart slugs (D:1)
  10 leopard geckos
  49 orcs
  2 ball pythons
  7 giant cockroaches
  13 goblins
  8 hobgoblins
  13 jackals
  6 quokkas
  9 bats
  6 frilled lizards
  A jackal zombie (D:9)
  8 kobolds
  7 rats
342 creatures vanquished.

Vanquished Creatures (collateral kills)
  A deep elf mage (D:8)
  A moth of wrath (D:7)
  A warg (Orc:2)
  A swamp worm (Orc:2)
  An ogre (D:7)
  5 orc wizards (Orc:2)
  9 orcs (Orc:2)
19 creatures vanquished.

Vanquished Creatures (others)
  2 orc sorcerers (Orc:2)
  A deep elf mage (Orc:2)
  A swamp drake (Orc:1)
  A tengu (Orc:1)
  4 killer bees
  5 orc wizards (Orc:2)
  5 orcs (Orc:2)
  A giant cockroach (D:1)
20 creatures vanquished.

Grand Total: 381 creatures vanquished

Notes
Turn   | Place    | Note
-------+----------+-------------------------------------------
     0 | D:1      | lapinsky the Hill Orc Fighter began the quest for the Orb.
     0 | D:1      | Reached XP level 1. HP: 19/19 MP: 1/1
   127 | D:1      | Reached XP level 2. HP: 25/27 MP: 2/2
   423 | D:1      | Found a sparkling altar of Nemelex Xobeh.
   427 | D:1      | Became a worshipper of Nemelex Xobeh the Trickster
   453 | D:1      | Received a gift from Nemelex Xobeh
   484 | D:1      | Reached XP level 3. HP: 33/33 MP: 3/3
   916 | D:1      | Reached XP level 4. HP: 18/41 MP: 4/4
  1478 | D:2      | Reached XP level 5. HP: 47/47 MP: 5/5
  2512 | D:3      | Reached * piety under Nemelex Xobeh
  2577 | D:3      | Reached skill level 1 in Dodging
  2739 | D:3      | Reached skill level 5 in Axes
  2952 | D:4      | Reached XP level 6. HP: 53/53 MP: 6/6
  2959 | D:4      | Noticed Sigmund
  2997 | D:4      | Killed Sigmund
  3097 | D:4      | Reached XP level 7. HP: 35/60 MP: 7/7
  3760 | D:5      | Entered Level 5 of the Dungeon
  4172 | D:5      | Found Aquwkax's General Store.
  4178 | D:5      | Bought a scroll of enchant armour for 75 gold pieces
  4351 | D:6      | Reached ** piety under Nemelex Xobeh
  4357 | D:6      | Got a shimmering leather armour
  4358 | D:6      | Identified the +3 leather armour of Ytokk {rF+ rC+} (You
                  | found it on level 6 of the Dungeon)
  4489 | D:6      | Found Ylis's Armour Boutique.
  4538 | D:6      | Reached skill level 1 in Throwing
  4602 | D:6      | Reached skill level 5 in Shields
  4687 | D:6      | Reached skill level 5 in Fighting
  4687 | D:6      | Reached skill level 1 in Stealth
  4687 | D:6      | Reached skill level 1 in Evocations
  4830 | D:6      | Received a gift from Nemelex Xobeh
  4934 | D:6      | Bought a +1 pair of gloves of dexterity for 247 gold pieces
  4970 | D:7      | Found a transporter.
  4974 | D:7      | Found a transporter.
  4979 | D:7      | Found a bloodstained altar of Trog.
  4979 | D:7      | Noticed Graouh's ghost (novice MiFi)
  5003 | D:7      | Noticed a moth of wrath
  5197 | D:7      | Reached XP level 8. HP: 68/68 MP: 7/9
  5274 | D:7      | Received a gift from Nemelex Xobeh
  5289 | D:7      | Reached *** piety under Nemelex Xobeh
  5447 | D:7      | Found a staircase to the Ecumenical Temple.
  5765 | D:7      | Gained mutation: You are partially covered in large bone
                  | plates. (SH +4) [potion of mutation]
  5765 | D:7      | Gained mutation: You are resistant to hostile enchantments.
                  | (MR+) [potion of mutation]
  5765 | D:7      | Gained mutation: You are highly resistant to hostile
                  | enchantments. (MR++) [potion of mutation]
  5799 | D:7      | Reached skill level 5 in Armour
  5799 | D:7      | Killed Graouh's ghost
  5799 | D:7      | Killed a moth of wrath
  5800 | D:7      | Reached XP level 9. HP: 45/74 MP: 7/11
  5907 | D:8      | Found a radiant altar of Vehumet.
  6006 | D:8      | Received a gift from Nemelex Xobeh
  6103 | D:8      | Noticed a hornet
  6111 | D:8      | Paralysed by a hornet for 1 turns
  6115 | D:8      | Paralysed by a hornet for 2 turns
  6118 | D:8      | Killed a hornet
  6118 | D:8      | Reached skill level 1 in Invocations
  6712 | D:8      | Noticed Harold
  6735 | D:8      | Killed Harold
  7055 | D:8      | Got an ebony trident
  7056 | D:8      | Identified the +11 trident of Reinforcement {pierce, rC+
                  | MP+9 SInv} (You found it on level 8 of the Dungeon)
  7124 | D:8      | Received a gift from Nemelex Xobeh
  7163 | D:8      | Reached **** piety under Nemelex Xobeh
  7492 | D:9      | Found a staircase to the Orcish Mines.
  7497 | D:9      | Reached XP level 10. HP: 76/83 MP: 12/12
  7502 | D:9      | Reached skill level 1 in Polearms
  7510 | D:9      | HP: 1/83 [troll (11)]
  7769 | D:9      | Reached skill level 2 in Polearms
  8459 | Temple   | Entered the Ecumenical Temple
  8582 | D:5      | Bought a scroll of identify for 20 gold pieces
  8660 | D:9      | Reached skill level 3 in Polearms
  8692 | D:9      | Noticed a deep elf mage
  8913 | D:8      | Identified the -1 trident "Awyne" {pierce, rF+ MR+ Stlth+}
  8918 | D:8      | Killed a deep elf mage
  8918 | D:8      | Reached skill level 4 in Polearms
  8999 | D:9      | Noticed a gargoyle
  9018 | D:9      | Killed a gargoyle
  9018 | D:9      | Reached skill level 5 in Polearms
  9018 | D:9      | Reached skill level 5 in Throwing
  9513 | D:9      | Reached skill level 6 in Polearms
  9662 | D:9      | Reached skill level 7 in Polearms
  9777 | D:9      | Received a gift from Nemelex Xobeh
  9791 | D:9      | Noticed a deep elf mage
  9801 | D:9      | Killed a deep elf mage
  9801 | D:9      | Reached XP level 11. HP: 90/90 MP: 14/14
  9861 | D:9      | Reached skill level 8 in Polearms
 10005 | D:9      | Reached skill level 9 in Polearms
 10013 | D:9      | Noticed a two-headed ogre
 10024 | D:9      | Killed a two-headed ogre
 10354 | D:9      | Found the +0 pair of fencer's gloves {Riposte Dex+3}
 10552 | Orc:1    | Entered Level 1 of the Orcish Mines
 10552 | Orc:1    | Received a gift from Nemelex Xobeh
 10554 | Orc:1    | Noticed a deep elf mage
 10556 | Orc:1    | Noticed a deep elf mage
 10557 | Orc:1    | Noticed a deep elf mage
 10558 | Orc:1    | Noticed a deep elf mage
 10560 | Orc:1    | Noticed a deep elf mage
 10561 | Orc:1    | Killed a deep elf mage
 10561 | Orc:1    | Reached skill level 10 in Polearms
 10564 | Orc:1    | Noticed a deep elf mage
 10680 | Orc:1    | Killed a deep elf mage
 10681 | Orc:1    | Noticed a deep elf mage
 10683 | Orc:1    | a deep elf mage changed into a jumping spider
 10683 | Orc:1    | Noticed a lindwurm
 10683 | Orc:1    | a deep elf mage changed into a lindwurm
 10683 | Orc:1    | Noticed a fire crab
 10683 | Orc:1    | a deep elf mage changed into a fire crab
 10683 | Orc:1    | Noticed a cyclops
 10683 | Orc:1    | a deep elf mage changed into a cyclops
 10683 | Orc:1    | a deep elf mage changed into a wind drake
 10683 | Orc:1    | Noticed a cyclops
 10694 | D:9      | Killed a lindwurm
 10808 | Orc:1    | Killed a cyclops
 10811 | D:9      | a fire crab changed into a guardian serpent
 10817 | D:9      | Reached skill level 11 in Polearms
 11026 | Orc:1    | Killed a cyclops
 11037 | Orc:1    | Noticed a deep elf mage
 11040 | Orc:1    | Killed a deep elf mage
 11076 | Orc:1    | Noticed a deep elf mage
 11078 | Orc:1    | Noticed a deep elf mage
 11090 | Orc:1    | Killed a deep elf mage
 11094 | Orc:1    | Killed a deep elf mage
 11315 | Orc:1    | Found Qyowk's Distillery.
 11331 | Orc:1    | Found Zocelepsairi's Jewellery Shop.
 11461 | Orc:2    | Entered Level 2 of the Orcish Mines
 11466 | Orc:2    | Reached XP level 12. HP: 86/97 MP: 15/15
 11985 | Orc:2    | Found a roughly hewn altar of Beogh.
 12065 | Orc:2    | Received a gift from Nemelex Xobeh
 12116 | Orc:2    | Found Tulof's Magic Scroll Boutique.
 12124 | Orc:2    | Found Ovysu's General Store.
 12160 | Orc:2    | Bought a scroll of identify for 30 gold pieces
 12160 | Orc:2    | Bought a scroll of identify for 30 gold pieces
 12160 | Orc:2    | Bought a scroll of identify for 30 gold pieces
 12160 | Orc:2    | Bought a scroll of identify for 30 gold pieces
 12266 | Orc:2    | Found a staircase to the Elven Halls.
 12889 | Orc:2    | Found Hehoz's General Store.
 12893 | Orc:2    | Found Mistrag's Assorted Antiques.
 12900 | Orc:2    | Noticed a sun demon
 13317 | Elf:1    | Entered Level 1 of the Elven Halls
 13317 | Elf:1    | Noticed a deep elf knight
 13317 | Elf:1    | Noticed a deep elf knight
 13317 | Elf:1    | Noticed a deep elf knight
 13317 | Elf:1    | Noticed a deep elf knight
 13317 | Elf:1    | Noticed a deep elf knight
 13318 | Elf:1    | a deep elf knight changed into a glowing orange brain
 13318 | Elf:1    | a deep elf knight changed into a snapping turtle
 13318 | Elf:1    | a deep elf knight changed into a faun
 13318 | Elf:1    | a deep elf knight changed into a swamp worm
 13318 | Elf:1    | a deep elf knight changed into an eye of devastation
 13321 | Elf:1    | Noticed a deep elf knight
 13321 | Elf:1    | Noticed a deep elf knight
 13321 | Elf:1    | Noticed a deep elf sorcerer
 13377 | Elf:1    | Noticed a +3 short sword of electrocution
 13601 | Orc:1    | Found a roughly hewn altar of Beogh.
 13846 | Orc:1    | Received a gift from Nemelex Xobeh
 13888 | Orc:1    | Noticed Josephine
 13890 | Orc:1    | Found Sielip's Assorted Antiques.
 13906 | Orc:1    | Killed Josephine
 14584 | Orc:2    | Reached XP level 13. HP: 85/103 MP: 16/16
 14906 | Orc:2    | Reached skill level 10 in Shields
 14951 | Elf:1    | Reached skill level 10 in Throwing
 16085 | Elf:1    | Noticed a deep elf demonologist
 16100 | Elf:1    | Killed a deep elf demonologist
 16100 | Elf:1    | Reached skill level 5 in Dodging
 16861 | Orc:2    | HP: 5/103 [poisoned by a +1 halberd of venom]
 16863 | Orc:2    | HP: 2/154 [poisoned by a +1 halberd of venom]
 16864 | Orc:2    | Succumbed to a +1 halberd of venom's poison

Skill      XL: |  1  2  3  4  5  6  7  8  9 10 11 12 13 |
---------------+----------------------------------------+-----
Fighting       | 4 5 6 |  6.3
Axes           | 3 4 5 6 7 8 |  8.5
Armour         | 4 5 6 7 |  7.5
Shields        | 4 5 6 7 9 10 | 10.6
Dodging        | 1 2 3 4 5 |  5.1
Throwing       | 2 3 4 5 7 9 10 | 10.6
Stealth        | 1 2 3 4 |  4.3
Evocations     | 1 3 |  3.1
Invocations    | 3 4 |  4.5
Polearms       | 7 11 | 11.6

Action                   |  1- 3 |  4- 6 |  7- 9 | 10-12 | 13-15 || total
-------------------------+-------+-------+-------+-------+-------++-------
Melee: War axe           |   101 |   225 |   219 |       |       ||   545
       Trident           |       |       |     5 |   466 |    62 ||   533
Throw: Javelin           |       |     6 |    85 |   119 |    43 ||   253
       Tomahawk          |       |       |       |    17 |    21 ||    38
 Abil: Draw Destruction  |       |     3 |     6 |    33 |     6 ||    48
       Draw Escape       |       |       |     1 |       |       ||     1
       Draw Summoning    |       |       |     2 |     4 |     2 ||     8
Evoke: Wand              |       |     2 |       |     1 |       ||     3
  Use: Scroll            |       |     3 |     6 |    12 |     3 ||    24
       Potion            |       |     3 |     4 |     6 |     6 ||    19
 Stab: Sleeping          |       |       |       |     1 |       ||     1
       Petrified         |       |       |       |     2 |       ||     2
       Distracted        |       |       |       |     1 |       ||     1
       Petrifying        |       |       |       |     1 |       ||     1
  Eat: Ration            |       |     2 |     4 |     7 |     2 ||    15
       Chunk             |       |       |     2 |       |       ||     2
Armor: Scale mail        |    51 |    79 |       |       |       ||   130
       Ring mail         |       |    52 |    76 |   116 |    23 ||   267
Dodge: Dodged            |    58 |   115 |    84 |   174 |    62 ||   493
Block: Shield            |    72 |   168 |   167 |   486 |   121 ||  1014
